Map: Nightshade LE

Players

PeeFace - Winner!

  • Race: Terran Terran
  • League: Silver
  • Spawn Location: 5:00

Fluffy

  • Race: Zerg Zerg
  • League: Gold
  • Spawn Location: 11:00

VOD

Have the link to the VOD?

Description

Time

  • Played on: Dec. 28, 2019, 11:45 p.m.
  • Length: 14:37
Show
View Real Time Build Order
Export as new Build Order

PeeFace Terran - Winner!

Build Orders:  

Get SALT Encoding   

  12  0:01  SCV  
  13  0:14  SCV  
  14  0:19  Supply Depot  
  14  0:26  SCV  
  15  0:42  Barracks  
  15  0:57  SCV  
  16  1:03  Refinery  
  16  1:09  SCV  
  17  1:21  SCV  
  18  1:32  Command Center  
  18  1:33  Orbital Command  
  18  1:43  Marine  
  19  2:00  Marine  
  20  2:15  Factory  
  20  2:18  Marine  
  20  2:20  SCV  
  22  2:32  SCV  
  23  2:44  Marine, SCV  
  24  2:48  Supply Depot  
  25  2:53  Orbital Command  
  25  2:55  Supply Depot  
  25  2:56  SCV  
  26  3:02  Refinery  
  27  3:06  Factory Tech Lab  
  27  3:08  SCV  
  27  3:09  Barracks Reactor  
  27  3:20  SCV  
  28  3:28  Starport  
  28  3:33  SCV  
  29  3:34  Barracks  
  29  3:37  Barracks  
  29  3:41  SCV  
  30  3:45  SCV, Refinery  
  31  3:52  Marine x2  
  31  3:53  SCV  
  34  3:57  SCV  
  35  4:05  Starport Reactor, SCV  
  35  4:09  Marine, SCV  
  37  4:10  Marine  
  39  4:17  SCV  
  39  4:18  Supply Depot  
  40  4:27  Supply Depot  
  40  4:29  Supply Depot  
  40  4:31  Supply Depot  
  40  4:32  Supply Depot  
  40  4:33  SCV x2  
  40  4:36  Supply Depot  
  42  4:43  Marine  
  42  4:45  SCV x2, Barracks Tech Lab  
  45  4:46  Barracks Reactor  
  45  4:56  Marine  
  45  4:57  SCV  
  47  5:01  Marine  
  47  5:03  Supply Depot  
  48  5:07  SCV  
  48  5:09  SCV  
  48  5:12  Siege Tank  
  48  5:14  Marine  
  53  5:16  Stimpack  
  53  5:18  Starport Reactor  
  53  5:19  Marine  
  53  5:20  SCV  
  56  5:21  SCV  
  56  5:22  Marine x2  
  56  5:23  Marine  
  60  5:31  Marine  
  60  5:32  SCV  
  60  5:33  SCV  
  60  5:34  Engineering Bay  
  63  5:38  Armory  
  63  5:44  Siege Tank, Armory  
  63  5:47  Marine x3  
  69  5:59  Refinery  
  69  6:00  Engineering Bay  
  69  6:08  Command Center, SCV x2  
  71  6:16  Siege Tank  
  74  6:19  Terran Infantry Weapons Level 1  
  74  6:20  SCV  
  75  6:29  Terran Infantry Armor Level 1  
  75  6:31  Terran Vehicle And Ship Armor Level 1  
  75  6:34  Terran Vehicle Weapons Level 1  
  75  6:45  Marine x5  
  80  6:53  SCV x2  
  82  7:03  Marine x5  
  82  7:05  SCV x2  
  89  7:10  Siege Tank  
  89  7:13  Medivac  
  94  7:17  Medivac, SCV  
  94  7:20  Marine  
  94  7:21  Marine x4  
  102  7:25  Missile Turret  
  102  7:30  Missile Turret  
  102  7:34  Missile Turret  
  102  7:38  Missile Turret, Marine  
  102  7:39  Marine x2  
  105  8:25  Barracks  
  105  8:26  Barracks x2  
  105  8:37  Orbital Command, SCV  
  105  8:38  SCV  
  107  8:50  SCV x2  
  109  9:00  Terran Vehicle Weapons Level 2, Terran Infantry Armor Level 2, Terran Infantry Weapons Level 2  
  109  9:01  Terran Vehicle And Ship Armor Level 2  
  109  9:02  SCV x2  
  111  9:04  Marine x5  
  111  9:07  SCV  
  111  9:09  Siege Tank  
  120  9:10  Medivac  
  120  9:14  SCV x2  
  124  9:18  Barracks Reactor  
  124  9:19  SCV, Barracks Reactor  
  124  9:21  Marine  
  124  9:22  Marine x4  
  130  9:26  SCV x2  
  130  9:31  SCV  
  133  9:38  SCV  
  134  9:39  Marine, Barracks Reactor  
  134  9:40  Marine x4  
  134  9:42  Refinery  
  139  9:46  Command Center  
  139  9:48  Siege Tank  
  139  9:50  Refinery  
  142  9:55  Supply Depot x2  
  142  9:56  Supply Depot  
  142  9:57  Marine  
  142  9:58  Marine x4, Supply Depot  
  147  10:00  Supply Depot  
  147  10:01  Supply Depot  
  147  10:05  Marine  
  147  10:06  Marine x3  
  151  10:10  Combat Shield  
  151  10:15  Marine x5  
  156  10:23  Marine  
  156  10:24  Marine x3  
  160  10:33  Marine x5  
  160  10:34  Supply Depot  
  165  10:36  Supply Depot x2  
  165  10:39  Marine  
  165  10:40  Marine  
  165  10:41  Marine x4  
  171  10:49  Medivac x2  
  175  10:50  Marine  
  175  10:51  Marine x4  
  180  10:57  Marine  
  180  10:58  Marine  
  180  10:59  Marine x4  
  185  11:08  Marine  
  185  11:09  Marine x4  
  190  11:15  Marine  
  190  11:16  Marine x2  
  190  11:17  Marine x3  
  175  11:19  Medivac  
  173  11:26  Marine  
  173  11:27  Marine x4  
  177  11:33  Marine  
  178  11:44  Command Center  
  176  12:11  Marine  
  176  12:12  Marine x4  
  181  12:19  Marine x6  
  187  12:29  Marine  
  188  12:30  Marine x4  
  188  12:36  Marine x6  
  190  12:47  Marine x3  
  190  12:48  Marine x2  
  176  12:54  Marine x6  
  180  13:05  Marine x5  
  181  13:07  Medivac  
  181  13:08  Medivac, Command Center  
  181  13:12  Marine x6  
  195  13:13  Siege Tank  
  198  13:23  Marine x2  
  200  13:34  Planetary Fortress  
Show
View Real Time Build Order
Export as new Build Order

Fluffy Zerg 

Build Orders: Hatch First 

Get SALT Encoding   

  12  0:01  Drone  
  13  0:13  Overlord  
  13  0:17  Drone  
  14  0:31  Drone x2  
  14  0:35  Drone  
  17  0:55  Hatchery  
  17  0:56  Drone  
  17  0:59  Drone  
  18  1:14  Spawning Pool  
  18  1:15  Drone  
  18  1:22  Drone  
  19  1:29  Drone  
  20  1:35  Extractor  
  20  1:39  Drone  
  20  1:51  Overlord  
  20  2:05  Drone  
  21  2:11  Queen x2  
  21  2:13  Drone x2  
  27  2:24  Drone x2  
  27  2:29  Drone  
  30  2:35  Overlord  
  30  2:42  Drone  
  31  2:45  Drone  
  32  2:54  Queen, Lair  
  34  3:05  Roach Warren  
  33  3:11  Evolution Chamber  
  33  3:12  Drone x3  
  35  3:13  Drone x2  
  37  3:25  Drone x3  
  37  3:26  Drone x3  
  37  3:27  Overlord  
  43  3:42  Overlord  
  43  3:44  Drone  
  44  3:58  Roach x4  
  44  4:02  Roach, Hatchery  
  55  4:03  Roach x2  
  55  4:04  Roach  
  59  4:23  Drone  
  60  4:26  Overlord x3  
  60  4:54  Hydralisk Den  
  60  4:58  Drone  
  60  4:59  Drone x5  
  65  5:01  Drone x3  
  68  5:10  Zerg Missile Weapons Level 1  
  68  5:18  Queen  
  70  5:33  Drone x3  
  70  5:34  Drone x6  
  70  5:35  Overlord  
  79  5:49  Extractor  
  78  5:57  Extractor  
  77  5:59  Grooved Spines  
  77  6:02  Extractor  
  76  6:05  Extractor  
  76  6:06  Evolution Chamber  
  74  6:12  Drone x3  
  74  6:13  Drone x5  
  74  6:14  Overlord x3  
  74  6:15  Overlord  
  82  6:39  Drone x5  
  88  6:40  Overlord, Drone x2  
  88  6:41  Overlord  
  89  7:16  Hydralisk x4  
  89  7:17  Hydralisk x5  
  89  7:19  Hydralisk  
  89  7:22  Roach  
  111  7:24  Hatchery  
  110  7:57  Overlord x4  
  110  7:58  Hydralisk x7  
  124  8:25  Hydralisk x3  
  124  8:26  Hydralisk x3  
  136  8:27  Overlord  
  136  8:45  Extractor  
  136  8:47  Infestation Pit, Muscular Augments  
  134  8:49  Zerg Ground Armor Level 1  
  134  8:51  Zerg Missile Weapons Level 2  
  134  9:00  Drone x7  
  134  9:01  Drone x2  
  134  9:02  Drone  
  144  9:03  Overlord, Drone  
  145  9:12  Pneumatized Carapace  
  145  9:44  Extractor  
  145  9:45  Roach x5, Extractor, Hydralisk x2  
  153  9:46  Roach, Hydralisk x6  
  153  9:47  Hydralisk x3  
  153  9:48  Hydralisk  
  153  9:51  Drone x3  
  182  10:22  Hydralisk x5  
  182  10:23  Hydralisk x4  
  200  10:41  Overseer  
  122  11:28  Hydralisk x3  
  122  11:29  Hydralisk x8  
  122  11:30  Hydralisk x6  
  122  11:31  Hydralisk  
  156  12:06  Roach  
  156  12:07  Roach x8  
  156  12:08  Roach x4  
  182  12:09  Roach  
  184  12:21  Spire  
  157  12:50  Hydralisk x5  
  157  12:51  Hydralisk x5  
  123  12:52  Hydralisk  
  119  13:06  Hive  
  119  13:16  Lurker Den  
  118  13:47  Hydralisk x6  
  130  13:48  Roach  
  130  13:49  Roach x6  
  130  13:50  Roach x7  
  130  13:51  Roach x2  
  130  13:53  Hatchery  
  161  13:58  Extractor  
Tags
 
Matchup
TvZ
Spawn Locations
Cross Positions
Add a new tag
Caveats
  • Supply blocks, unpowered buildings, or Contaminate may cause inaccurate times.
  • Supply counts are checked every 10 seconds.